 Dungeon Crawl Stone Soup version 0.29.0-4-gdea44cf6ec (webtiles) character file.

Game seed: 3364664407998015492

328513 Flugkiller the Impregnable (level 20, 29/195 HPs)
             Began as a Minotaur Fighter on Aug 27, 2022.
             Was a High Priest of Qazlal.
             Quit the game on level 5 of the Vaults.
             The game lasted 00:25:24 (33899 turns).

Flugkiller the Impregnable (Minotaur Fighter)      Turns: 33899, Time: 00:25:25

Health: 29/195     AC: 47    Str: 25    XL:     20   Next: 42%
Magic:  27/31      EV: 19    Int: 12    God:    Qazlal [*****.]
Gold:   1509       SH: 23    Dex: 26    Spells: 19/19 levels left

rFire   + . .      SeeInvis .   T - +3 broad axe (protect)
rCold   + . .      Faith    .   V - +1 kite shield {rC+}
rNeg    . . .      Spirit   .   U - +10 chain mail of Snakes and Ladders {Str+5 Dex+5}
rPois   +          Reflect  .   (helmet restricted)
rElec   +          Harm     .   s - +1 cloak
rCorr   .          Rampage  +   b - +2 pair of gloves
Will    ++...                   P - +2 pair of boots {rampage}
Stlth   ..........              M - amulet of regeneration
HPRegen 1.22/turn               J - ring of Modesty {rF+ Int+6}
MPRegen 0.22/turn               O - ring "Nuneotz" {Fly rElec rPois Will+}

@: protected from physical damage, under a protective aura, flying, constricted,
studying 2 skills, repel missiles
A: horns 2, retaliatory headbutt, agile 1, MP-powered wands
}: 3/15 runes: barnacled, silver, gossamer
a: Renounce Religion, Upheaval, Elemental Force, Disaster Area


You were on level 5 of the Vaults.
You worshipped Qazlal.
Qazlal was extremely pleased with you.
You visited 6 branches of the dungeon, and saw 35 of its levels.
You visited the Abyss 1 time.
You also visited: Gauntlet and Ice Cave.

You collected 3721 gold pieces.
You spent 2212 gold pieces at shops.

Inventory:

Hand Weapons
 a - a +1 war axe
 z - a +3 broad axe of flaming
   (You took it off a vault guard on level 3 of the Vaults)
 G - the +4 war axe "Puprimof" {vorpal, Str+2}
   (You found it on level 11 of the Dungeon)

   It inflicts extra damage upon your enemies.
   Str:       It affects your strength (+2).
 H - a +0 short sword of distortion
   (You took it off Sonja on level 11 of the Dungeon)
 R - a +3 battleaxe
   (You took it off a tengu warrior on level 14 of the Dungeon)
 T - a +3 broad axe of protection (weapon)
   (You found it on level 14 of the Dungeon)
Missiles
 y - 7 throwing nets (quivered)
Armour
 b - a +2 pair of gloves (worn)
   (You found it on level 10 of the Dungeon)
 c - a +0 tower shield of cold resistance
   (You found it in an ice cave)
 s - a +1 cloak (worn)
   (You took it off Nikola on level 4 of the Spider Nest)
 P - a +2 pair of boots of rampaging (worn)
   (You found it on level 4 of the Lair of Beasts)
 U - the +10 chain mail of Snakes and Ladders (worn) {Str+5 Dex+5}
   (You found it on level 15 of the Dungeon)

   Str:       It affects your strength (+5).
   Dex:       It affects your dexterity (+5).
 V - a +1 kite shield of cold resistance (worn)
   (You found it in an ice cave)
Jewellery
 e - an amulet of guardian spirit
   (You found it on level 2 of the Dungeon)
 p - a +4 ring of protection
   (You found it on level 1 of the Dungeon)
 r - a +6 ring of dexterity
   (You found it on level 1 of the Vaults)
 u - an amulet of the acrobat
   (You found it on level 10 of the Dungeon)
 v - a +4 ring of evasion
   (You took it off a merfolk on level 4 of the Shoals)
 J - the ring of Modesty (left hand) {rF+ Int+6}
   (You found it in a Gauntlet)

   [ring of intelligence]

   Int:       It affects your intelligence (+6).
   rF:        It protects you from fire.
 M - an amulet of regeneration (around neck)
   (You found it on level 4 of the Lair of Beasts)
 N - the ring "Vunef" {rN+ Int+6 Dex+5}
   (You found it in a Gauntlet)

   [ring of intelligence]

   Int:       It affects your intelligence (+6).
   Dex:       It affects your dexterity (+5).
   rN:        It protects you from negative energy.
 O - the ring "Nuneotz" (right hand) {Fly rElec rPois Will+}
   (You found it on level 4 of the Lair of Beasts)

   [ring of flight]

   rElec:     It insulates you from electricity.
   rPois:     It protects you from poison.
   Fly:       It grants you flight.
   Will:      It increases your willpower.
Wands
 x - a wand of quicksilver (11)
   (You found it in a Gauntlet)
 B - a wand of roots (3)
   (You took it off Amaemon on level 9 of the Dungeon)
 I - a wand of mindburst (32)
   (You took it off Maurice on level 11 of the Dungeon)
Scrolls
 g - 3 scrolls of summoning
 k - a scroll of brand weapon
 l - 5 scrolls of magic mapping
 m - 3 scrolls of vulnerability
 A - a scroll of fear
 E - 5 scrolls of immolation
 K - 12 scrolls of enchant armour
 Q - a scroll of silence
Potions
 d - 6 potions of might
 f - 3 potions of berserk rage
 h - 2 potions of haste
 i - 5 potions of mutation
 j - 10 potions of ambrosia
 n - 5 potions of resistance
 o - 6 potions of lignification
 q - a potion of curing
 D - 3 potions of cancellation
 L - a potion of magic
Miscellaneous
 C - a tin of tremorstones (2/2)
   (You found it on level 4 of the Shoals)
 F - a condenser vane
   (You found it on level 12 of the Dungeon)


   Skills:
 + Level 20.9 Fighting
 - Level 17.0 Axes
 + Level 23.2 Armour
 + Level 17.4 Dodging
 - Level 15.0 Shields
 - Level 16.0 Invocations
 - Level 12.0 Evocations


You had 19 spell levels left.
You didn't know any spells.
Your spell library was empty.

Dungeon Overview and Level Annotations

Branches:
Dungeon (15/15)            Temple (0/1) D:7            Lair (5/5) D:9
 Shoals (4/4) Lair:3       Spider (4/4) Lair:2        Slime (0/5) Lair:5
    Orc (2/2) D:12            Elf (0/3) Orc:2        Vaults (5/5) D:14
 Depths (0/4) D:15          IceCv (visited)         Gauntlet (visited)
  Crypt: Vaults:2-3

Altars:
Gozag
Hepliaklqana
Nemelex Xobeh
Qazlal
Sif Muna
Uskayaw
Wu Jian
Zin
Jiyva

Shops:
D:8 :   D:14 :   Orc:2 [(*(=

Portals:
Trove: Vaults:3 (give 8 potions of haste)

Annotations:
D:3 1 runed translucent door
D:5 exclusion: Menkaure
D:6 3 runed translucent doors, Arum's ghost, novice FoFi; diceflayer's ghost, novice DsFi
D:9 2 transporters, 1player's ghost, journeyman DjCA
D:10 1 exclusion
D:12 2 transporters, p0werm0de's ghost, journeyman MiFi
D:13 exclusion: obsidian statue
D:15 Roxanne
Orc:1 2 transporters, p0werm0de's ghost, journeyman MiFi
Vaults:2 1 transporter


Innate Abilities, Weirdness & Mutations

You have a pair of horns on your head.
You reflexively headbutt those who attack you in melee.
You are agile. (Dex +4, Str/Int -1)
You expend magic power (3 MP) to strengthen your wands.


Message History

The storm dragon bites you!
* * * LOW HITPOINT WARNING * * *
The storm dragon claws you but does no damage.
You block the storm dragon's attack.
The tentacled monstrosity closely misses your fire elemental.
The tentacled monstrosity tentacle-slaps your fire elemental!
The tentacled monstrosity tentacle-slaps your fire elemental.
The quicksilver dragon breathes dispelling energy at you.
The bolt of dispelling energy misses you.
Okay, then.
You slice the storm dragon!!
You kill the storm dragon!
Qazlal accepts your kill.
The storm dragon scales are intact enough to wear.
You hit the ettin.
The tentacled monstrosity tentacle-slaps your fire elemental but does no damage.
The tentacled monstrosity tentacle-slaps your fire elemental!
The tentacled monstrosity closely misses your fire elemental.
The ettin completely misses you. You furiously retaliate!
You headbutt the ettin. You block the ettin's attack.
The golden dragon bites your fire elemental.
Your fire elemental is destroyed!
Your fire elemental disappears in a puff of smoke!
You slash the ettin! You headbutt the ettin!
The ettin is heavily wounded.
You slash the quicksilver dragon!
Your water elemental hits the quicksilver dragon!
The quicksilver dragon is engulfed in blazing flames.
The quicksilver dragon closely misses you.
You block the quicksilver dragon's attack.
You barely miss the quicksilver dragon.
Your headbutt misses the quicksilver dragon.
The quicksilver dragon is moderately wounded.
You hit the ettin but do no damage.
The quicksilver dragon breathes dispelling energy at you.
The bolt of dispelling energy hits you but does no damage.
Your magical effects are unravelling.
A tentacled monstrosity comes into view.
A titan comes into view.
You block the ettin's attack. The ettin completely misses you.
Your water elemental closely misses the quicksilver dragon.
You slash the quicksilver dragon!
The quicksilver dragon is heavily wounded.
You slash the ettin!
Your resistance to elements expires.
The sentinel's mark upon you fades away.
The quicksilver dragon misses you. You furiously retaliate!
You headbutt the quicksilver dragon, but do no damage.
The quicksilver dragon claws you!
* * * LOW HITPOINT WARNING * * *
Your resistance to electricity fades away.
You feel protected from physical attacks.
Your water elemental hits the quicksilver dragon!
The quicksilver dragon is engulfed in blazing flames.
The quicksilver dragon misses you. You furiously retaliate!
You headbutt the quicksilver dragon!
You kill the quicksilver dragon!
Qazlal accepts your kill.
The quicksilver dragon scales are intact enough to wear.
Okay, then.
You hear a shout!
The tentacled monstrosity tentacle-slaps your water elemental.
The tentacled monstrosity tentacle-slaps your water elemental!
The tentacled monstrosity tentacle-slaps your water elemental.
The tentacled monstrosity grabs your water elemental.
The tentacled monstrosity constricts your water elemental!
The deep elf annihilator casts a spell.
The deep elf annihilator blinks!
Your water elemental completely misses the tentacled monstrosity.
Okay, then.
You slice the tentacled monstrosity!!
The tentacled monstrosity is moderately wounded.
A titan comes into view.
You block the tentacled monstrosity's attack. x2
The tentacled monstrosity tentacle-slaps you but does no damage.
The tentacled monstrosity closely misses you.
The tentacled monstrosity tentacle-slaps your water elemental! x2
Your water elemental is destroyed!
Your water elemental disappears in a puff of smoke!
The titan waves its arms in wide circles.
The air twists around and strikes you!
* * * LOW HITPOINT WARNING * * *
You hit the tentacled monstrosity.
The tentacled monstrosity is moderately wounded.
You hit the tentacled monstrosity.
You hear a shout!
The tentacled monstrosity tentacle-slaps you but does no damage.
The tentacled monstrosity barely misses you.
You block the tentacled monstrosity's attack. x2
A deep troll comes into view.
You block the tentacled monstrosity's attack.
The tentacled monstrosity tentacle-slaps you but does no damage. x2
The tentacled monstrosity grabs you.
The tentacled monstrosity constricts you!
* * * LOW HITPOINT WARNING * * *
You hear a shout!
Enter note: aaaaaaaaaaaaaaaaaaaaaaaaaaaaaaaaaaaaaaaaaaaaaaaaaaaaaaa Unknown command.
Okay, then.
Are you sure you want to abandon this character and quit the game? (Confirm with "yes".)

....#..... .....#..T§§ .Tp..#
.§..##...###e...###CQ.E###...##
....#.....#..XD..#....E.#.....#
....#...C...D....#..DeX°TC....#
#.....C......#/..)C..(....#
#.....TT.....#.).CEED)....#
#.....#......#.:}...#)[...#
##...#################)..##
#.....#CDDDX@#)$.).)#.)$..#
#....T.p.e○X.#[....))[)...#
#.......(C)[X#[.....).....#
#........X..C#...)........#
#.....#.....Q#...)..#.....#
##...###....###)...###...##
#.....#......#).p...#.....#
#...........)[))..........#
#.....................$...#


You could see 4 tentacled monstrosities, 2 titans, 2 golden dragons, a storm
dragon, a tengu reaver, a deep elf annihilator, an ettin, a deep troll and a
vault sentinel.

Vanquished Creatures
  Mara (Spider:4)
  Nikola (Spider:4)
  Arachne (Spider:3)
  2 tentacled monstrosities (Vaults:5)
  A lich (Vaults:5)
  3 titans (Vaults:5)
  A quicksilver dragon (Vaults:5)
  2 tengu reavers (Vaults:5)
  Ilsuiw (Shoals:4)
  Donald (Spider:1)
  A storm dragon (Vaults:5)
  2 fire giants
  3 frost giants (Vaults:5)
  2 deep elf sorcerers
  3 ghost moths
  Aizul (Shoals:3)
  6 emperor scorpions
  9 ironbound preservers
  7 vault wardens
  An orc warlord (Orc:2)
  2 stone giants (Vaults:5)
  3 broodmothers
  4 ironbound thunderhulks
  A reaper (Gauntlet)
  A starcursed mass (Abyss:2)
  Azrael (Spider:1)
  2 entropy weavers
  Nessos (D:12)
  A bunyip (Abyss:3)
  5 dire elephants (Vaults:4)
  A minotaur (Gauntlet)
  A spark wasp (Spider:3)
  5 merfolk javelineers
  A deep elf high priest (Vaults:5)
  8 merfolk impalers
  7 yaktaur captains
  A fire dragon (D:14)
  3 great orbs of eyes
  7 hydras
  26 vault guards
  Erolcha (Orc:1)
  Harold (D:10)
  A catoblepas (Lair:4)
  4 boulder beetles
  4 ironbound frosthearts
  5 merfolk aquamancers (Shoals:4)
  2 merfolk avatars (Shoals:4)
  13 centaur warriors
  11 two-headed ogres
  A jorogumo (Spider:3)
  2 ogre magi
  3 radroaches
  Erica (D:11)
  A satyr (Shoals:4)
  A death knight (Vaults:3)
  5 tengu warriors
  A thrashing horror (Abyss:2)
  Sonja (D:11)
  4 orc high priests (Orc:2)
  Urug (Lair:5)
  Amaemon (D:9)
  4 hell knights
  7 pharaoh ants
  An iron troll (D:14)
  3 sun moths
  A shadow wraith (Vaults:3)
  2 sixfirhies
  26 deep trolls
  Lodul (D:12)
  10 sea snakes
  4 steelbarb worms
  A glowing orange brain (Vaults:2)
  8 orb spiders
  6 wizards
  3 phantasmal warriors
  20 harpies
  9 ironbound convokers
  4 orc knights (Orc:2)
  3 deep elf pyromancers
  5 necromancers
  5 cyclopes
  4 orc sorcerers
  15 slime creatures
  2 moths of wrath
  22 ugly things
  18 wolf spiders
  17 manticores
  A shining eye (Gauntlet)
  4 merfolk sirens
  Maurice (D:11)
  6 black mambas
  12 elephants
  A water nymph (shapeshifter) (D:14)
  4 water nymphs
  An ice statue (IceCv)
  7 large abominations (Abyss:3)
  2 naga magi (D:15)
  4 torpor snails
  2 vault sentinels
  A guardian serpent (Lair:5)
  An orange demon (D:9)
  2 centaur skeletons (D:15)
  Maggie (Lair:1)
  2 freezing wraiths
  15 cane toads
  8 komodo dragons
  A kobold demonologist (D:13)
  15 yaktaurs
  3 rime drakes
  11 demonic crawlers
  2 anaconda simulacra (IceCv)
  An ancient zyme (Abyss:3)
  A tengu conjurer (D:14)
  20 merfolk
  3 meliai (D:15)
  12 ice devils (IceCv)
  A queen bee (Lair:2)
  6 trolls
  6 polar bears
  Grinder (D:5)
  15 tarantellas
  7 wind drakes
  3 hornets
  6 snapping turtles
  3 dream sheep (Shoals:2)
  14 blink frogs
  8 water elementals
  20 jumping spiders
  13 culicivoras
  2 dire elephant simulacra (IceCv)
  A ynoxinul (Abyss:2)
  A shadow (D:10)
  3 wraiths
  13 wyverns
  4 basilisks
  25 yaks
  A golden eye (Gauntlet)
  Grum (D:11)
  3 fire elementals (Spider:1)
  3 steam dragons
  8 vampire mosquitoes
  6 chaos spawn (Abyss:3)
  63 redbacks
  5 death yak simulacra
  Menkaure (D:5)
  A warg (Orc:2)
  A hydra simulacrum (IceCv)
  2 harpy simulacra (IceCv)
  8 swamp worms
  2 acid dragons
  3 hell hounds (Spider:1)
  26 water moccasins
  3 small abominations
  A floating eye (Gauntlet)
  29 orc warriors
  3 ice beasts
  16 ogres
  2 boggarts (D:15)
  23 wolves
  7 centaurs
  3 kobold brigands
  9 bullfrogs
  2 gnoll sergeants
  A necrophage (D:6)
  4 scorpions
  2 cane toad simulacra (IceCv)
  A two-headed ogre simulacrum (IceCv)
  The ghost of yegreS the Shield-Bearer, a weakling MiFi (D:3)
  36 killer bees
  7 elephant simulacra (IceCv)
  8 electric eels
  3 howler monkeys
  3 jellies
  10 orc priests
  11 hounds
  An iron imp (Abyss:3)
  6 iguanas
  18 orc wizards
  A spriggan simulacrum (Orc:2)
  4 polar bear simulacra (IceCv)
  2 troll simulacra (Orc:2)
  5 wolf simulacra
  A boggart simulacrum (D:15)
  8 adders
  8 gnolls
  3 naga simulacra
  A river rat (D:3)
  2 shadow imps
  3 white imps
  3 ufetubi
  2 worms
  4 dart slugs
  54 orcs
  5 ball pythons
  7 bats
  9 endoplasms
  A giant cockroach (D:2)
  12 goblins
  17 hobgoblins
  12 jackals
  7 quokkas
  A frilled lizard (D:3)
  15 kobolds
  9 rats
  6 briar patches (Lair:4)
1237 creatures vanquished.

Vanquished Creatures (collateral kills)
  2 frost giants (Vaults:5)
  A stone giant (Vaults:5)
  A war gargoyle (Vaults:5)
  A deep elf high priest (Vaults:5)
  A yaktaur captain (Vaults:5)
  2 vault guards (Vaults:5)
  A deep troll (Vaults:5)
  An ironbound convoker (Vaults:5)
  A vault sentinel (Vaults:5)
  A redback (Spider:1)
12 creatures vanquished.

Vanquished Creatures (others)
  Pikel (D:5)
  A boggart (D:15)
  A lemure (D:5)
  2 orc wizards
  An adder (D:5)
  A briar patch (Lair:4)
  4 demonic plants (Gauntlet)
  39 fungi
  119 plants
  5 withered plants (D:6)
174 creatures vanquished.

Grand Total: 1423 creatures vanquished

Notes
Turn   | Place    | Note
-------+----------+-------------------------------------------
     0 | D:1      | Flugkiller the Minotaur Fighter began the quest for the
                  | Orb.
     0 | D:1      | Reached XP level 1. HP: 19/19 MP: 0/0
    81 | D:1      | Reached XP level 2. HP: 27/27 MP: 1/1
   122 | D:1      | Found a faded altar of an unknown god.
   312 | D:1      | Reached skill level 4 in Armour
   375 | D:1      | Reached XP level 3. HP: 33/33 MP: 2/2
  1062 | D:2      | Reached XP level 4. HP: 40/41 MP: 3/3
  1275 | D:2      | Identified the +3 trident of Zozof {freeze, *Rage Fly SInv
                  | Stlth+}
  1438 | D:3      | Found a runed translucent door.
  1448 | D:3      | Noticed a bullfrog
  1448 | D:3      | Noticed yegreS's ghost (weakling MiFi)
  1454 | D:3      | Killed a bullfrog
  1455 | D:3      | Reached XP level 5. HP: 47/47 MP: 4/4
  1466 | D:3      | Killed yegreS's ghost
  1467 | D:3      | Reached skill level 5 in Axes
  1472 | D:3      | Found a runed translucent door.
  1875 | D:3      | Reached skill level 5 in Fighting
  1875 | D:3      | Reached skill level 5 in Armour
  2118 | D:4      | Reached XP level 6. HP: 41/56 MP: 3/5
  2248 | D:4      | Identified the +9 flail "Hupsu" {venom, rElec rC+ Int+2
                  | SInv}
  2262 | D:4      | Found a stormy altar of Qazlal.
  2293 | D:4      | Became a worshipper of Qazlal Stormbringer
  2414 | D:4      | Reached XP level 7. HP: 22/54 MP: 2/6
  2670 | D:4      | Found a glowing silver altar of Zin.
  2670 | D:4      | Found a hazy altar of Hepliaklqana.
  2930 | D:4      | Reached * piety under Qazlal
  3018 | D:4      | Reached skill level 6 in Armour
  3327 | D:5      | Entered Level 5 of the Dungeon
  3336 | D:5      | Killed Pikel
  3364 | D:5      | Noticed Grinder
  3378 | D:5      | Killed Grinder
  3379 | D:5      | Reached skill level 1 in Invocations
  3444 | D:5      | Noticed a troll
  3455 | D:5      | Killed a troll
  3456 | D:5      | Reached XP level 8. HP: 25/71 MP: 2/8
  4053 | D:5      | Found a shimmering blue altar of Sif Muna.
  4058 | D:5      | Noticed Menkaure
  4074 | D:5      | HP: 3/71 [Menkaure/nerve-wracking pain (12)]
  4075 | D:5      | Killed Menkaure
  4899 | D:6      | Reached skill level 7 in Armour
  5064 | D:6      | Found a runed translucent gate.
  5065 | D:6      | Found a runed translucent gate.
  5065 | D:6      | Found a runed translucent gate.
  5066 | D:6      | Noticed diceflayer's ghost (novice DsFi)
  5066 | D:6      | Noticed Arum's ghost (novice FoFi)
  5296 | D:6      | Reached ** piety under Qazlal
  5632 | D:6      | Reached XP level 9. HP: 75/79 MP: 8/10
  5817 | D:6      | Reached skill level 10 in Axes
  6006 | D:6      | Reached skill level 8 in Armour
  6366 | D:6      | Found an opulent altar of Gozag.
  7041 | D:7      | Found a staircase to the Ecumenical Temple.
  7113 | D:7      | Found an ornate altar of the Wu Jian Council.
  7541 | D:8      | Found Zoesch Joren's Book Emporium.
  7929 | D:9      | Reached skill level 5 in Invocations
  7961 | D:9      | Noticed a troll
  8115 | D:9      | Killed a troll
  8116 | D:9      | Reached XP level 10. HP: 69/90 MP: 8/12
  8357 | D:9      | Found a staircase to the Lair.
  8464 | D:9      | Reached skill level 9 in Armour
  8584 | D:9      | Noticed a two-headed ogre
  8603 | D:9      | Killed a two-headed ogre
  8892 | D:9      | Found a transporter.
  8901 | D:9      | Found a transporter.
  8907 | D:9      | Identified the +8 falchion "Welot" {protect, rN+++ Will+
                  | rCorr Stlth-}
  8907 | D:9      | Noticed a centaur warrior
  9133 | D:9      | Noticed Amaemon
  9133 | D:9      | Noticed an orange demon
  9139 | D:9      | Killed an orange demon
  9143 | D:9      | Killed Amaemon
  9248 | D:9      | Noticed 1player's ghost (journeyman DjCA)
  9412 | D:9      | Reached skill level 10 in Fighting
  9783 | D:9      | Identified 2 scrolls of acquirement
  9788 | D:9      | Acquired a manual of Armour
  9790 | D:9      | Acquired a manual of Evocations
  9812 | D:10     | Entered Level 10 of the Dungeon
  9828 | D:10     | Reached skill level 10 in Armour
  9834 | D:10     | Reached skill level 1 in Evocations
 10138 | D:10     | Reached XP level 11. HP: 70/99 MP: 11/14
 10475 | D:10     | Found a sparkling altar of Nemelex Xobeh.
 10604 | D:10     | Noticed Harold
 10605 | D:10     | Noticed a two-headed ogre
 10621 | D:10     | Killed Harold
 10625 | D:10     | Killed a two-headed ogre
 11232 | D:11     | Identified the +4 war axe "Puprimof" {vorpal, Str+2}
 11265 | D:11     | Noticed Grum
 11276 | D:11     | Killed Grum
 11290 | D:11     | Reached skill level 11 in Armour
 11527 | D:11     | Noticed Sonja
 11536 | D:11     | Reached *** piety under Qazlal
 11551 | D:11     | Killed Sonja
 11767 | D:11     | Noticed a two-headed ogre
 11776 | D:11     | Killed a two-headed ogre
 12003 | D:11     | Noticed Maurice
 12015 | D:11     | Killed Maurice
 12135 | D:11     | Noticed Erica
 12142 | D:11     | Killed Erica
 12175 | D:11     | You fall into a shaft and drop 2 floors!
 12226 | D:13     | Reached skill level 5 in Evocations
 12293 | D:13     | Noticed a centaur warrior
 12299 | D:13     | Killed a centaur warrior
 12300 | D:13     | Reached skill level 12 in Armour
 12328 | D:13     | Noticed a boulder beetle
 12339 | D:13     | Killed a boulder beetle
 12340 | D:13     | Reached XP level 12. HP: 48/110 MP: 6/16
 12416 | D:12     | Noticed Nessos
 12419 | D:12     | Noticed a death knight
 12419 | D:12     | Noticed a vampire knight
 12984 | Lair:1   | Entered Level 1 of the Lair of Beasts
 12992 | Lair:1   | Reached skill level 15 in Axes
 13151 | Lair:1   | Noticed a five-headed hydra
 13151 | Lair:1   | Noticed Maggie
 13161 | Lair:1   | Killed Maggie
 13165 | Lair:1   | Killed a nine-headed hydra
 13325 | Lair:1   | Found a gate leading to a gauntlet.
 13334 | Gauntlet | Entered a Gauntlet
 13334 | Gauntlet | Found a transporter.
 13396 | Gauntlet | Found a transporter.
 13398 | Gauntlet | Found a transporter.
 13409 | Gauntlet | Found a transporter.
 13412 | Gauntlet | Found a transporter.
 13415 | Gauntlet | Noticed a reaper
 13416 | Gauntlet | Found a runed translucent door.
 13416 | Gauntlet | Found a runed translucent door.
 13421 | Gauntlet | Found a transporter.
 13437 | Gauntlet | Found a transporter.
 13444 | Gauntlet | Found a transporter.
 13456 | Gauntlet | Noticed a radroach
 13458 | Gauntlet | Found a transporter.
 13459 | Gauntlet | Found a runed translucent door.
 13462 | Gauntlet | Noticed a green death
 13469 | Gauntlet | Found a runed translucent door.
 13473 | Gauntlet | Found a transporter.
 13476 | Gauntlet | Noticed an ice dragon
 13476 | Gauntlet | a radroach changed into an ice dragon
 13487 | Gauntlet | Found a transporter.
 13487 | Gauntlet | Found a transporter.
 13506 | Gauntlet | Noticed a satyr
 13506 | Gauntlet | an ice dragon changed into a satyr
 13529 | Gauntlet | Found a transporter.
 13546 | Gauntlet | Found a transporter.
 13665 | Gauntlet | Gained mutation: You expend magic power (3 MP) to
                  | strengthen your wands. [a shining eye]
 13672 | Gauntlet | Gained mutation: You are agile. (Dex +4, Str/Int -1) [a
                  | shining eye]
 13677 | Gauntlet | Reached skill level 13 in Armour
 13718 | Gauntlet | Identified the ring "Vunef" {rN+ Int+6 Dex+5}
 13750 | Gauntlet | Killed a reaper
 13757 | Gauntlet | Identified the ring of Modesty {rF+ Int+6}
 13874 | Gauntlet | Identified the +8 shortbow "Ygaoskem" {vorpal, Contam rPois
                  | rF+++ Int-3}
 13874 | Gauntlet | Noticed a minotaur
 13890 | Gauntlet | Killed a minotaur
 15100 | Lair:2   | Noticed a six-headed hydra
 15113 | Lair:2   | Killed a ten-headed hydra
 15660 | Lair:2   | Noticed a four-headed hydra
 15671 | Lair:2   | Killed an 11-headed hydra
 15945 | Lair:2   | Reached skill level 14 in Armour
 15964 | Lair:2   | Reached XP level 13. HP: 109/118 MP: 18/18
 16862 | Lair:2   | Found a hole to the Spider Nest.
 17567 | Lair:3   | Found a staircase to the Shoals.
 18112 | Lair:4   | Reached **** piety under Qazlal
 18115 | Lair:4   | Reached skill level 15 in Armour
 18115 | Lair:4   | Reached skill level 1 in Dodging
 18177 | Lair:4   | Found a transporter.
 19025 | Lair:4   | Found a transporter.
 19075 | Lair:4   | Identified the ring "Nuneotz" {Fly rElec rPois Will+}
 19776 | Lair:5   | Entered Level 5 of the Lair of Beasts
 20098 | Lair:5   | Noticed Urug
 20116 | Lair:5   | Killed Urug
 20273 | Lair:5   | Reached skill level 10 in Invocations
 20273 | Lair:5   | Reached XP level 14. HP: 129/129 MP: 20/20
 20286 | Lair:5   | Reached skill level 5 in Dodging
 20455 | Lair:5   | Reached skill level 10 in Evocations
 20460 | Lair:5   | Reached skill level 16 in Armour
 20780 | Lair:5   | Found a viscous altar of Jiyva.
 20780 | Lair:5   | Found a staircase to the Slime Pits.
 21437 | D:12     | Noticed Lodul
 21451 | D:12     | Killed Lodul
 21725 | D:12     | Identified the +9 dagger "Wusij" {freeze, Str+2 Int+2}
 21734 | D:12     | Killed Nessos
 21938 | D:12     | Found a transporter.
 21946 | D:12     | Found a transporter.
 21983 | D:12     | Found a staircase to the Orcish Mines.
 22072 | D:12     | Identified the +5 chain mail "Seofroomp" {rPois rN+++
                  | Slay-2 Stlth-}
 22183 | D:12     | Noticed p0werm0de's ghost (journeyman MiFi)
 22569 | D:13     | Reached skill level 17 in Armour
 22852 | D:14     | Found Dotalik's Self-Improvement Boutique.
 22862 | D:14     | Bought a manual of Shields for 800 gold pieces
 22862 | D:14     | Bought a manual of Invocations for 800 gold pieces
 23555 | D:14     | Found a gate to the Vaults.
 23847 | D:14     | Reached ***** piety under Qazlal
 23977 | D:15     | Entered Level 15 of the Dungeon
 23993 | D:15     | Reached XP level 15. HP: 108/139 MP: 22/22
 24251 | D:15     | Reached skill level 18 in Armour
 24290 | D:15     | Noticed Roxanne
 24295 | D:15     | Identified the +10 chain mail of Snakes and Ladders {Str+5
                  | Dex+5}
 24423 | D:15     | Reached skill level 10 in Dodging
 24444 | D:15     | Found a staircase to the Depths.
 24573 | D:15     | Found a hide-covered altar of Uskayaw.
 24846 | Orc:1    | Entered Level 1 of the Orcish Mines
 24906 | Orc:1    | Found a transporter.
 24917 | Orc:1    | Found a transporter.
 24917 | Orc:1    | Noticed p0werm0de's ghost (journeyman MiFi)
 24931 | Orc:1    | Noticed Erolcha
 24936 | Orc:1    | Killed Erolcha
 25318 | Orc:2    | Entered Level 2 of the Orcish Mines
 25332 | Orc:2    | Noticed an orc warlord
 25357 | Orc:2    | Killed an orc warlord
 25364 | Orc:2    | Found Fijiuheg's Antique Weapon Shop.
 25402 | Orc:2    | Reached skill level 15 in Fighting
 25479 | Orc:2    | Bought a warped battleaxe for 402 gold pieces
 25479 | Orc:2    | Identified the +1 battleaxe of Fuzzy Defence {freeze,
                  | *Noise rF+++ rN+ Int+2} (You bought it in a shop on level 2
                  | of the Orcish Mines)
 25494 | Orc:2    | Found Qechisk's General Store.
 25508 | Orc:2    | Bought 2 scrolls of enchant armour for 210 gold pieces
 25569 | Orc:2    | Found Hynoe's Antique Weapon Shop.
 25590 | Orc:2    | Found Jiteral's Antique Armour Boutique.
 25727 | Orc:2    | Found a staircase to the Elven Halls.
 25882 | Orc:2    | Found Hudar's Jewellery Boutique.
 25906 | Orc:2    | Found a frozen archway.
 25921 | IceCv    | Entered an ice cave
 26155 | IceCv    | Reached skill level 5 in Shields
 26176 | IceCv    | Reached ****** piety under Qazlal
 26179 | IceCv    | Found an ancient bone altar of Kikubaaqudgha.
 26513 | Orc:2    | Reached XP level 16. HP: 149/149 MP: 24/24
 26702 | Spider:1 | Entered Level 1 of the Spider Nest
 26703 | Spider:1 | Noticed Donald
 26721 | Spider:1 | Noticed Azrael
 26733 | Spider:1 | Killed Donald
 26734 | Spider:1 | Reached XP level 17. HP: 88/156 MP: 5/25
 26751 | Spider:1 | Killed Azrael
 26752 | Spider:1 | Reached skill level 15 in Shields
 27403 | Spider:2 | Reached skill level 19 in Armour
 27774 | Spider:4 | Entered Level 4 of the Spider Nest
 27776 | Spider:4 | Noticed Arachne
 27776 | Spider:4 | Noticed Nikola
 27798 | Spider:3 | Killed Arachne
 27829 | Spider:4 | Killed Nikola
 28183 | Spider:4 | Noticed Mara
 28192 | Spider:4 | Noticed Flugkiller's illusion
 28196 | Spider:4 | Killed Mara
 29286 | Spider:4 | Got a gossamer rune of Zot
 29502 | Shoals:1 | Entered Level 1 of the Shoals
 29520 | Shoals:1 | Reached XP level 18. HP: 161/168 MP: 28/28
 29699 | Shoals:2 | Reached skill level 15 in Invocations
 29737 | Shoals:2 | Reached skill level 20 in Armour
 29893 | Shoals:4 | Entered Level 4 of the Shoals
 30413 | Shoals:4 | Noticed Ilsuiw
 30448 | Shoals:4 | Killed Ilsuiw
 30905 | Shoals:4 | Got a barnacled rune of Zot
 31011 | Shoals:3 | Noticed Aizul
 31034 | Shoals:3 | Killed Aizul
 31359 | Vaults:1 | Entered Level 1 of the Vaults
 31446 | Vaults:2 | Identified the +0 leather armour "Taonut" {SInv}
 31568 | Vaults:2 | Found a transporter.
 31727 | Vaults:2 | Reached skill level 21 in Armour
 31860 | Vaults:2 | Reached XP level 19. HP: 180/180 MP: 30/30
 32079 | Vaults:3 | Reached skill level 15 in Dodging
 32154 | Vaults:3 | Identified the +8 chain mail of Meitipti {Int+5}
 32204 | Abyss:2  | Cast into level 2 of the Abyss (a wizard)
 32205 | Abyss:2  | Found a corrupted altar of Lugonu.
 32617 | Abyss:3  | ffs
 32619 | Vaults:3 | Escaped the Abyss
 32627 | Vaults:3 | Found a portal to a secret trove of treasure.
 33118 | Vaults:5 | Entered Level 5 of the Vaults
 33148 | Vaults:4 | Reached skill level 22 in Armour
 33491 | Vaults:5 | Noticed an ancient lich
 33647 | Vaults:5 | Reached XP level 20. HP: 138/193 MP: 27/31
 33800 | Vaults:5 | Reached skill level 23 in Armour
 33807 | Vaults:5 | Identified the +4 sling of Seguebru {venom, rElec rPois
                  | rCorr Int+3}
 33807 | Vaults:5 | Noticed a golden dragon
 33809 | Vaults:5 | Noticed a golden dragon
 33811 | Vaults:5 | Identified the amulet of the City {Spirit rPois Regen+}
 33827 | Vaults:5 | Got a silver rune of Zot
 33849 | Vaults:5 | HP: 4/195 [titan/the air (15)]
 33899 | Vaults:5 | aaaaaaaaaaaaaaaaaaaaaaaaaaaaaaaaaaaaaaaaaaaaaaaaaaaaaaa
 33899 | Vaults:5 | Quit the game

Illustrated notes .# .## .. .# ##### ## ##...## ##...#°....#### .....°§@∩☼.#..# ##...#.§§..##.. ## ##...## ##### .. ..# ... .... Turn 32617 on Abyss:3: ffs

....#..... .....#..T§§ .Tp..#
.§..##...###e...###CQ.E###...##
....#.....#..XD..#....E.#.....#
....#...C...D....#..DeX°TC....#
#.....C......#/..)C..(....#
#.....TT.....#.).CEED)....#
#.....#......#.:}...#)[...#
##...#################)..##
#.....#CDDDX@#)$.).)#.)$..#
#....T.p.e○X.#[....))[)...#
#.......(C)[X#[.....).....#
#........X..C#...)........#
#.....#.....Q#...)..#.....#
##...###....###)...###...##
#.....#......#).p...#.....#
#...........)[))..........#
#.....................$...#


Turn 33899 on Vaults:5: aaaaaaaaaaaaaaaaaaaaaaaaaaaaaaaaaaaaaaaaaaaaaaaaaaaaaaa

Levels and vault maps discovered:
D:1:      minmay_arrival_checkered_box, layout_loops_ring,
          basic_ecumenical_altar
D:2:      layout_basic, nrook_mini_vaults
D:3:      layout_basic, ebering_ghost_sewer_f
D:4:      corexii_shantytown, layout_rooms, mainiacjoe_overflow_tiny_flanked,
          gammafunk_temple_overflow_statue
D:5:      layout_basic, led_sif_book, cheibrodos_sewer_entry_bend,
          lemuel_flamethrower_2, uniq_menkaure, uniq_grinder, uniq_pikel
D:6:      layout_loops_corners, kennysheep_little_box, gammafunk_ghost_cemetery,
          nicolae_fountain_basement
D:7:      layout_loops_ring, nzn_wu_jian_council_hall,
          minmay_temple_entry_junction
D:8:      layout_loops_cross, serial_shops, shop
D:9:      layout_irregular_city, erik_lair_island, nzn_ghost_randoct,
          minmay_joined_circles, uniq_amaemon
D:10:     layout_roguey, nicolae_overflow_crystal_walls, minmay_rotating_lava,
          uniq_harold
D:11:     layout_basic, uniq_maurice, uniq_grum, uniq_sonja, uniq_erica
D:12:     layout_irregular_city, orc_0_dummy, gammafunk_ghost_mausoleum,
          minivault_10, worms_lemuel, uniq_lodul, uniq_nessos
D:13:     layout_loops_ring, minmay_protected_statue
D:14:     layout_basic, david_vaults_4, nicolae_water_bricks,
          nicolae_shop_self_help
D:15:     grunt_enter_depths_magical_seal, layout_basic,
          nicolae_uskayaw_en_pointe, uniq_roxanne
Lair:1:   layout_layer_cave, gauntlet_entry_generic, cheibrodos_lair_lostbears,
          uniq_maggie
Lair:2:   layout_small_grid, nicolae_spider_entry_orb_guardian, special_room
          [special_room_bee], nicolae_quartered_pool_little,
          grunt_forest_stairs_basic, lemuel_fruit_tree
Lair:3:   layout_gridlike, shoals_dummy_entry, st_stairs_4,
          nicolae_lair_run_with_the_wolves, grunt_megastairs_3,
          serial_bayou_shore_b, serial_bayou_shore_b
Lair:4:   gammafunk_worm_tunnel, layout_cave_pods, serial_bayou_shore_b
Lair:5:   hangedman_lair_tendril_chambers, layout_cave_pods,
          dpeg_slime_entry_enclosed, kennysheep_basilisk_garden, uniq_urug
Shoals:1: layout_shoals
Shoals:2: layout_shoals, serial_shops, shop
Shoals:3: layout_shoals, uniq_polyphemus, uniq_aizul
Shoals:4: shoals_end_hangedman, layout_shoals, shoals_ilsuiw_ice,
          nicolae_shoals_circle_sea_wall
Spider:1: layout_spider_delve, uniq_azrael, uniq_donald
Spider:2: layout_spider_delve
Spider:3: layout_spider_delve, gammafunk_ghost_split
Spider:4: guppyfry_spider_rune, drop_trap, uniq_nikola, uniq_arachne, uniq_mara
Orc:1:    layout_caves, gammafunk_ghost_arena, basic_altar,
          statue_in_the_mist_lemuel, nicolae_orc_sculptors_studio, uniq_erolcha
Orc:2:    grunt_orc_gardens, layout_diamond_mine, grunt_orc_garden,
          grunt_orc_garden, grunt_orc_garden, grunt_orc_garden,
          portal_ice_cave_entry_ice_simulacra, serial_shops,
          nicolae_shop_temple_entry_statues_fountains, nicolae_orc_lava_room
Vaults:1: hangedman_vaults_cutoff, hangedman_vaults_stream, v_misc_17,
          grunt_vaults_hallway_long, v_misc_22, ontoclasm_vaults_ring_large,
          vaults_room_grunt_arrival_ludios, ontoclasm_vaults_claustrophobia,
          grunt_vaults_hallway_long, v_misc_10, nicolae_vaults_gold_heap,
          grunt_vaults_hallway_long, layout_vaults_omnibox, uniq_zenata
Vaults:2: vaults_dpeg_hooks, ontoclasm_vaults_ring_square,
          emtedronai_trogs_sanctum, nicolae_vaults_circle_grid_b,
          nicolae_vaults_theta, hangedman_vaults_stagger, nicolae_vaults_big_ls,
          v_misc_28, v_misc_1, v_misc_23, ontoclasm_vaults_ligature,
          grunt_vaults_hallway_short, nicolae_vaults_alarming,
          nicolae_vaults_yaktaur_gun_rack, layout_vaults_maze_snakey
Vaults:3: v_misc_1, hangedman_vaults_corner_blocks, v_rooms_6, v_pattern_4,
          nicolae_vaults_mini_display_case, v_misc_1, nicolae_vaults_rhombus_7,
          vaults_dpeg_spiral, nicolae_vaults_windows_and_doors_thing,
          blue_anna_dwarven_crypt, ontoclasm_vaults_ring_small,
          layout_vaults_chaotic_city, enter_trove_1
Vaults:4: vaults_standard_mumra_enter_the_diamond, grunt_vaults_focal,
          hangedman_vaults_corner_blocks, v_rooms_5, st_cells,
          nicolae_vaults_ring_of_whatevers, v_misc_5, vaults_room_ringed_pool,
          vaults_room_door_ring, nicolae_vaults_ninety_degrees,
          hangedman_vaults_stretched_pinwheel, nicolae_vaults_little_squares_1,
          nicolae_vaults_three_branches, layout_vaults_big_cross
Vaults:5

Skill      XL: |  1  2  3  4  5  6  7  8  9 10 11 12 13 14 15 16 17 18 19 20 |
---------------+-------------------------------------------------------------+-----
Axes           | 3 4 5 6 8 9 11 13 14 16 17 | 17.0
Fighting       | 4 5 6 7 8 10 11 12 13 14 15 16 18 20 | 20.9
Armour         | 4 5 6 7 8 10 12 14 15 17 18 19 21 22 23 | 23.2
Invocations    | 2 3 5 6 7 8 10 11 12 14 16 | 16.0
Evocations     | 1 5 7 9 10 12 | 12.0
Dodging        | 4 9 11 12 14 16 17 | 17.4
Shields        | 11 14 15 | 15.0

Action                   |  1- 3 |  4- 6 |  7- 9 | 10-12 | 13-15 | 16-18 | 19-21 || total
-------------------------+-------+-------+-------+-------+-------+-------+-------++-------
Melee: War axe           |   103 |    96 |   272 |   421 |  1150 |   193 |       ||  2235
       Headbutt          |    15 |    15 |    52 |   112 |   281 |   350 |   245 ||  1070
       Broad axe         |       |       |       |       |       |   908 |   678 ||  1586
Invok: Upheaval          |       |       |       |    17 |    10 |     2 |       ||    29
       Disaster Area     |       |       |       |       |     2 |    10 |       ||    12
       Elemental Force   |       |       |       |       |       |     1 |    12 ||    13
Evoke: Wand              |       |       |       |     2 |     1 |     4 |     1 ||     8
       Condenser vane    |       |       |       |       |       |     3 |       ||     3
  Use: Scroll            |       |       |    12 |    17 |     5 |    10 |    10 ||    54
       Potion            |       |       |       |    11 |     1 |     6 |    13 ||    31
 Stab: Invisible         |       |       |       |     1 |       |       |       ||     1
       Paralysed         |       |       |       |       |       |     1 |     8 ||     9
       Distracted        |       |       |       |       |       |       |     1 ||     1
Armor: Scale mail        |    53 |    64 |    52 |       |       |       |       ||   169
       Chain mail        |       |       |    83 |    83 |    56 |   528 |   242 ||   992
       Plate armour      |       |       |       |   262 |   541 |       |       ||   803
Dodge: Dodged            |    52 |    27 |   100 |   109 |   370 |   711 |   321 ||  1690
       Repelled          |       |       |       |       |     5 |    17 |     8 ||    30
Block: Buckler           |    26 |    17 |    90 |   178 |   553 |       |       ||   864
       Kite shield       |       |       |       |       |    49 |  1452 |   726 ||  2227
